 Dungeon Crawl Stone Soup version 0.29.1-13-g9f3cf754e1 (webtiles) character file.

Game seed: 13116320378857587540

13 MisterFreud the Trooper (level 2, -1/28 HPs)
             Began as a Minotaur Fighter on Jan 19, 2023.
             Succumbed to a gnoll's poison
             ... on level 1 of the Dungeon.
             The game lasted 00:00:30 (321 turns).

MisterFreud the Trooper (Minotaur Fighter)           Turns: 321, Time: 00:00:31

Health: -1/28      AC:  6    Str: 20    XL:     2   Next: 24%
Magic:  1/1        EV:  9    Int:  5    God:
Gold:   25         SH:  4    Dex:  9    Spells: 1/1 levels left

rFire   . . .      SeeInvis .   a - +0 long sword
rCold   . . .      Faith    .   c - +0 buckler
rNeg    . . .      Spirit   .   b - +0 scale mail
rPois   .          Reflect  .   (helmet restricted)
rElec   .          Harm     .   (no cloak)
rCorr   .          Rampage  .   (no gloves)
Will    .....                   (no boots)
Stlth   ..........              (no amulet)
HPRegen 0.09/turn               (no ring)
MPRegen 0.07/turn               (no ring)

@: lethally poisoned (-1 -> -21), flying
A: horns 2, retaliatory headbutt
a: no special abilities


You were on level 1 of the Dungeon.
You visited 1 branch of the dungeon, and saw 1 of its levels.

You collected 25 gold pieces.

Inventory:

Hand Weapons
 a - a +0 long sword (weapon)
 f - a +0 great sword
Armour
 b - a +0 scale mail (worn)
 c - a +0 buckler (worn)
Scrolls
 g - a scroll of vulnerability {unknown}
Potions
 d - 2 potions of might
 e - a potion of flight


   Skills:
 + Level 4.5 Fighting
 - Level 2.4 Long Blades
 - Level 3.6 Armour
 - Level 3.6 Shields


You had one spell level left.
You didn't know any spells.
Your spell library was empty.

Dungeon Overview and Level Annotations

Branches:
Dungeon (1/15)

Altars:


Innate Abilities, Weirdness & Mutations

You have a pair of horns on your head.
You reflexively headbutt those who attack you in melee.


Message History

Found an escape hatch in the floor.
No target in view!
A rat comes into view.
The rat moves out of view.
No target in view!
A rat and a gnoll come into view.
The gnoll is wielding a +1 whip of venom.
Found 14 gold pieces.
There are monsters nearby!
There are monsters nearby!
You closely miss the rat.
The rat bites you but does no damage. x2
There are monsters nearby!
You hit the gnoll. Your headbutt misses the gnoll.
The gnoll is lightly wounded.
The rat closely misses you. The gnoll closely misses you.
There are monsters nearby!
You hit the gnoll.
The gnoll is heavily wounded.
You block the rat's attack.
The gnoll hits you with a +1 whip of venom.
You are poisoned.
There are monsters nearby!
You completely miss the gnoll.
The gnoll is heavily wounded.
You feel very sick. The rat bites you but does no damage.
The gnoll hits you with a +1 whip of venom. x2
You are more poisoned.
The rat bites you but does no damage.
Unknown command.
It was a potion of flight.
You feel very buoyant.
You fly up into the air.
* * * LOW HITPOINT WARNING * * *
You feel very sick. The rat barely misses you. The gnoll completely misses you.
Unknown command.
Unknown command.
Unknown command.
You die...

#.####........ #.#
#........ ###)##
########### .....#
#........#
.....####........#
.................#######
.....####..........>...#
.....# #.#####........#
###### #.# #.@g.....#
#.# #$.r.....# #.#
#........# #.#
#........# #.#
#........# #........#
##########


You could see a gnoll and a rat.

Vanquished Creatures
  3 ball pythons (D:1)
  4 jackals (D:1)
  A kobold (D:1)
  A quokka (D:1)
  A rat (D:1)
10 creatures vanquished.

Notes
Turn   | Place    | Note
-------+----------+-------------------------------------------
     0 | D:1      | MisterFreud the Minotaur Fighter began the quest for the
                  | Orb.
     0 | D:1      | Reached XP level 1. HP: 19/19 MP: 0/0
    89 | D:1      | Reached skill level 4 in Fighting
   216 | D:1      | Reached XP level 2. HP: 22/28 MP: 1/1
   321 | D:1      | Succumbed to a gnoll's poison

Illustrated notes

Levels and vault maps discovered:
D:1:      wander_arrival_estate, layout_basic,
          dilly_ecumenical_altar_fadedgnrine, minmay_misc_feat_cross

Skill      XL: |  1 |
---------------+----+-----
Fighting       | 4 |  4.5
Long Blades    | |  2.4
Armour         | |  3.6
Shields        | |  3.6

Action                   || total
-------------------------++-------
Melee: Long sword        ||    25
       Headbutt          ||     4
  Use: Potion            ||     1
Armor: Scale mail        ||    11
Dodge: Dodged            ||    15
Block: Buckler           ||     5
